 Dungeon Sprint DCSS version 0.27-a0-1154-gfdeffcb720 (webtiles) character file.

Game seed: 17357028437840716251

1301 Zeld the Zephyrmancer (level 8, -6/58 HPs)
             Began as an Octopode Air Elementalist on May 15, 2021.
             Was a Believer of Sif Muna.
             Mangled by a +5 vorpal trident (19 damage)
             ... in the Dungeon (Sprint V: "Ziggurat Sprint").
             The game lasted 00:03:29 (1141 turns).

Zeld the Zephyrmancer (Octopode Air Elementalist)   Turns: 1141, Time: 00:03:29

Health: -6/58      AC:  1    Str:  7    XL:     8   Next: 57%
Magic:  19/19      EV: 21    Int: 31    God:    Sif Muna [**....]
Gold:   0          SH:  0    Dex: 17    Spells: 9/21 levels left

rFire    . . .     SeeInvis .   (no weapon)
rCold    . . .     Faith    .   (no shield)
rNeg     . . .     Spirit   .   (helmet restricted)
rPois    +         Reflect  .   (no amulet)
rElec    .         Harm     .   s - +6 ring of intelligence
rCorr    .         Rampage  .   t - +6 ring of intelligence
Will     .....     NoTele   +   q - ring "Ugergh" {rPois EV+4 Dex+4 Slay+2}
Stlth    +++.......             (no ring)
HPRegen  0.19/turn              (no ring)
MPRegen  0.16/turn              (no ring)
                                (no ring)
                                (no ring)

@: no status effects
A: almost no armour, amphibious, 8 rings, camouflage 1, gelatinous body 1,
(nimble swimmer 1), tentacles
a: Renounce Religion, Channel Magic


You were in the Dungeon.
You worshipped Sif Muna.
Sif Muna was pleased with you.
You visited 1 branch

Inventory:

Jewellery
 q - the ring "Ugergh" (on tentacle) {rPois EV+4 Dex+4 Slay+2}
   (You found it in the Dungeon)

   [ring of evasion]

   It affects your evasion (+4).
   It affects your dexterity (+4).
   It affects your accuracy and damage with ranged weapons and melee attacks
   (+2).
   It protects you from poison.
 s - a +6 ring of intelligence (left tentacle)
 t - a +6 ring of intelligence (right tentacle)
Wands
 j - a wand of mindburst (7)
 r - a wand of acid (3)
Scrolls
 g - 3 scrolls of blinking
 l - 4 scrolls of amnesia
 m - 7 scrolls of fog
 n - a scroll of holy word
 o - 5 scrolls of identify
 p - 2 scrolls of fear
Potions
 a - 2 potions of brilliance
 b - 6 potions of curing
 c - 9 potions of heal wounds
 d - 6 potions of haste
 e - 7 potions of magic
 f - 2 potions of berserk rage
 h - a potion of invisibility
 i - 4 potions of resistance
 k - 5 potions of might
Miscellaneous
 u - a lightning rod (4/4)
 v - a lightning rod (4/4)


   Skills:
 + Level 6.3 Fighting
 + Level 6.8 Dodging
 - Level 2.6 Stealth
 + Level 7.4 Spellcasting
 - Level 1.0 Conjurations
 * Level 11.3 Air Magic
 * Level 9.9 Invocations


You had 9 spell levels left.
You knew the following spells:

 Your Spells              Type           Power      Damage    Failure   Level
a - Shock                 Conj/Air       100%       1d9       1%          1
b - Static Discharge      Conj/Air       49%        N/A       1%          2
c - Airstrike             Air            35%        N/A       1%          4
d - Lightning Bolt        Conj/Air       24%        1d40      10%         5

Your spell library contained the following spells:

 Spells                   Type           Power      Damage    Failure   Level
 Swiftness                Air            70%        N/A       1%          3


Dungeon Overview and Level Annotations

Branches:
Dungeon (1/1)

Altars:
Ashenzari
Cheibriados
Dithmenos
Elyvilon
Fedhas
Gozag
Hepliaklqana
Kikubaaqudgha
Makhleb
Nemelex Xobeh
Okawaru
Qazlal
Ru
Sif Muna
Trog
Uskayaw
Vehumet
Wu Jian
Xom
Yredelemnul
Zin
The Shining One
Beogh
Jiyva
Lugonu

Annotations:
D 1 transporter


Innate Abilities, Weirdness & Mutations

You cannot wear most types of armour.
You are amphibious.
You can wear up to eight rings at the same time.
Your skin changes colour to match your surroundings (Stealth+).
Your rubbery body absorbs attacks. (AC +1, EV +1)
((You are camouflaged near water. (Stealth+)))
You have tentacles for arms and can constrict up to eight enemies at once.


Message History

There is a transporter here.
You start waiting.
Done waiting.
Welcome to arena 4.
You enter the transporter and appear at another place. 2 dancing weapons, a deep elf pyromancer and a deep elf zephyrmancer come into view.
There is a +5 vorpal trident.
There is a +0 vorpal trident.
The deep elf zephyrmancer shouts!
Found four items.
Found a transporter.
Aiming: Corrosive Bolt
Press: ? - help, Shift-Dir - straight line The bolt of acid misses the +0 vorpal trident.
The deep elf pyromancer shouts!
Unknown command.
Aiming: Corrosive Bolt
Press: ? - help, Shift-Dir - straight line, f - deep elf pyromancer
Aim: a deep elf pyromancer, wielding a +0 rapier (60% to hit)
The bolt of acid hits the +0 vorpal trident.
The +0 vorpal trident is splashed with acid!
The acid corrodes the +0 vorpal trident!
The +0 vorpal trident is heavily damaged.
The bolt of acid hits the deep elf pyromancer!
The deep elf pyromancer is splashed with acid.
The acid corrodes the deep elf pyromancer!
The deep elf pyromancer is moderately wounded.
The +5 vorpal trident hits you from afar!
The +0 vorpal trident closely misses you.
The deep elf pyromancer mumbles some strange words.
The deep elf pyromancer blinks!
The +5 vorpal trident hits you from afar!
Aiming: Corrosive Bolt
Press: ? - help, Shift-Dir - straight line, p - deep elf pyromancer The bolt of acid hits the +0 vorpal trident!
The +0 vorpal trident is splashed with acid.
The +0 vorpal trident seems to be corroded for longer.
The +0 vorpal trident is almost destroyed.
The +0 vorpal trident hits you from afar!!
* * * LOW HITPOINT WARNING * * *
The +5 vorpal trident hits you from afar!!
You die...

▓..©..▓..©..▓▓▓▓▓▓▓
▓▓▓▓▓▓▓▓▓▓▓▓▓▓
▓..8©8...▓
▓..|)[...▓
▓...)....▓
▓........▓
..((....▓
▓.▓.e..▓.▓
▓...@.e..▓
▓▓▓▓▓▓▓▓▓▓


You could see a deep elf pyromancer (corroded), a deep elf zephyrmancer and 2
dancing weapons.

Vanquished Creatures
  2 toenail golems (D)
  A jumping spider (D)
  A golden eye (D)
  A tarantella (D)
  2 scorpions (D)
  2 endoplasms (D)
9 creatures vanquished.

Notes
Turn   | Place    | Note
-------+----------+-------------------------------------------
     0 | D        | Zeld the Octopode Air Elementalist began the quest for the
                  | Orb.
     0 | D        | Reached XP level 1. HP: 11/11 MP: 3/3
     0 | D        | Found a blossoming altar of Fedhas.
     1 | D        | Found the +6 Majin-Bo {vamp, MP+6 Int+6}
     1 | D        | Found the +9 heavy crossbow "Sniper" {vorpal, Acc+∞ SInv}
     1 | D        | Found the +10 dark maul {vorpal}
     1 | D        | Found the +15 Maxwell's patent armour {-Cast -Tele rElec
                  | Will+ rCorr}
     1 | D        | Found the +18 shield of the Gong {rElec rN+ Will+ EV-5}
     1 | D        | Found the +14 obsidian axe {vorpal, Drain Fly SInv}
     1 | D        | Found the +7 great mace "Firestarter" {inner flame, rF++}
     1 | D        | Found the +6 shillelagh "Devastator" {shatter}
     1 | D        | Found the +11 plutonium sword {Contam Stlth-}
     1 | D        | Found the +8 lance "Wyrmbane" {slay drac, rPois rF+ rC+
                  | AC+3}
     1 | D        | Found the +9 sword of Zonguldrok {reap}
     1 | D        | Found the +13 scythe of Curses {drain, Drain}
     1 | D        | Found the +5 sword of Power {vorpal}
     1 | D        | Found the +7 mace of Variability {chain chaos}
     1 | D        | Found the +7 Singing Sword {vorpal, sonic wave}
     1 | D        | Found the +8 storm bow {elec, penet}
     1 | D        | Found a shimmering blue altar of Sif Muna.
     1 | D        | Found a sacrificial altar of Ru.
     1 | D        | Found a bloodstained altar of Trog.
     1 | D        | Found a stormy altar of Qazlal.
     1 | D        | Found an iron altar of Okawaru.
     1 | D        | Found a sparkling altar of Nemelex Xobeh.
     3 | D        | Found a transporter.
     3 | D        | Found an ancient bone altar of Kikubaaqudgha.
     3 | D        | Found a viscous altar of Jiyva.
     3 | D        | Found a corrupted altar of Lugonu.
     3 | D        | Found a hazy altar of Hepliaklqana.
     3 | D        | Found a burning altar of Makhleb.
     3 | D        | Found an opulent altar of Gozag.
     8 | D        | Reached skill level 6 in Air Magic
     8 | D        | Reached XP level 2. HP: 17/17 MP: 4/7
    20 | D        | Became a worshipper of Sif Muna the Loreminder
   123 | D        | Learned a level 2 spell: Static Discharge
   280 | D        | Entered arena 2.
   280 | D        | Noticed a toenail golem
   280 | D        | Noticed a toenail golem
   280 | D        | Found a transporter.
   292 | D        | Killed a toenail golem
   293 | D        | Reached skill level 5 in Spellcasting
   293 | D        | Reached skill level 9 in Air Magic
   293 | D        | Reached XP level 3. HP: 27/27 MP: 8/10
   293 | D        | Reached XP level 4. HP: 33/33 MP: 8/11
   293 | D        | Reached XP level 5. HP: 37/37 MP: 9/13
   293 | D        | Reached XP level 6. HP: 43/43 MP: 9/14
   310 | D        | Killed a toenail golem
   311 | D        | Reached skill level 5 in Fighting
   311 | D        | Reached skill level 5 in Dodging
   311 | D        | Reached skill level 10 in Air Magic
   311 | D        | Reached XP level 7. HP: 21/50 MP: 3/17
   316 | D        | Learned a level 4 spell: Airstrike
   322 | D        | Learned a level 5 spell: Lightning Bolt
   455 | D        | Entered arena 3.
   455 | D        | Noticed a golden eye
   455 | D        | Found a transporter.
   474 | D        | Reached * piety under Sif Muna
   611 | D        | Killed a golden eye
   613 | D        | Got the ring "Ugergh" {rPois EV+4 Dex+4 Slay+2}
   828 | D        | Entered arena 4.
   828 | D        | Noticed a jumping spider
   828 | D        | Noticed a tarantella
   828 | D        | Found a transporter.
   830 | D        | Killed a tarantella
   830 | D        | Reached ** piety under Sif Muna
   831 | D        | Reached XP level 8. HP: 52/57 MP: 7/18
   831 | D        | Killed a jumping spider
   832 | D        | Reached skill level 11 in Air Magic
  1138 | D        | Entered arena 5.
  1138 | D        | Noticed a deep elf pyromancer
  1138 | D        | Noticed a +5 vorpal trident
  1138 | D        | Noticed a deep elf zephyrmancer
  1138 | D        | Noticed a +0 vorpal trident
  1138 | D        | Found a transporter.
  1141 | D        | Mangled by a +5 vorpal trident

Illustrated notes

Levels and vault maps discovered:
D:        sprint_v [room_start, room_1, room_2, room_3, room_4, room_5, room_6,
          room_7, room_8, room_9, room_10, room_11, room_12, room_13, room_14,
          room_15, room_16, room_17, room_18, room_19, room_20, room_21,
          room_22, room_23, room_24, room_25, room_26, room_27]

Skill      XL: |  1  2  3  4  5  6  7  8 |
---------------+-------------------------+-----
Spellcasting   | 4 5 6 7 |  7.4
Air Magic      | 6 9 10 11 | 11.3
Fighting       | 4 5 6 |  6.3
Dodging        | 4 5 6 |  6.8
Invocations    | 6 8 9 |  9.9
Stealth        | |  2.6
Conjurations   | |  1.0

Action                   |  1- 3 |  4- 6 |  7- 9 || total
-------------------------+-------+-------+-------++-------
Melee: Unarmed           |       |       |    34 ||    34
       Tentacles         |       |       |     5 ||     5
       Constrict         |       |       |     1 ||     1
 Cast: Static Discharge  |       |     4 |     2 ||     6
       Lightning Bolt    |       |       |     3 ||     3
Evoke: Wand              |     6 |     2 |     3 ||    11
       Lightning rod     |     2 |     4 |     2 ||     8
  Use: Potion            |     2 |       |     6 ||     8
       Scroll            |     1 |       |       ||     1
 Stab: Sleeping          |       |       |     1 ||     1
Armor: Skin              |       |       |     2 ||     2
Dodge: Dodged            |       |     3 |    16 ||    19

Table legend: (Time is in decaauts)
 A = Elapsed time spent in this place.
 B = Non-inter-level travel time spent in this place.
 C = Inter-level travel time spent in this place.
 D = Time resting spent in this place.
 E = Time spent auto-exploring this place.
 F = Levels seen in this place.
 G = Mean time per level.
                   A        B        C        D        E       F      G
               +--------+--------+--------+--------+--------+-----+--------+
         Total |   1149 |   1149 |      0 |    880 |      0 |   1 | 1149.0 |
       Dungeon |   1149 |   1149 |      0 |    880 |      0 |   1 | 1149.0 |
               +--------+--------+--------+--------+--------+-----+--------+

Top non-repeatable levels by time:
       D: 1149 daAuts
